Map: Temple gelé

Players

zidar

  • Race: Zerg Zerg
  • League: Silver
  • Spawn Location: 5:00

Skorpo - Winner!

  • Race: Protoss Protoss
  • League: Silver
  • Spawn Location: 11:00

VOD

Have the link to the VOD?

Description

Time

  • Played on: April 27, 2016, noon
  • Length: 19:02
Show
View Real Time Build Order
Export as new Build Order

zidar Zerg 

Build Orders: Pool First, Lurkers 

Get SALT Encoding   

  12  0:02  Drone  
  13  0:12  Overlord  
  13  0:18  Drone  
  14  0:34  Drone x2  
  16  0:41  Drone  
  17  0:51  Spawning Pool  
  17  0:52  Drone  
  17  1:15  Hatchery  
  17  1:16  Drone  
  17  1:26  Drone  
  18  1:34  Extractor, Drone x2  
  18  1:39  Queen  
  19  1:46  Overlord  
  21  1:50  Drone  
  22  2:04  Drone  
  23  2:11  Drone  
  24  2:18  Queen  
  26  2:33  Roach Warren  
  24  2:51  Zergling x2  
  24  2:52  Zergling x10  
  24  2:53  Metabolic Boost  
  30  2:58  Extractor  
  30  3:04  Drone x4  
  33  3:15  Overlord  
  33  3:40  Drone x2  
  35  3:46  Drone x6  
  41  4:05  Roach  
  41  4:09  Overlord  
  43  4:10  Overlord x2  
  43  4:15  Drone  
  40  4:31  Roach x4  
  40  4:32  Roach x4  
  54  4:42  Lair  
  54  4:47  Extractor  
  54  4:49  Extractor  
  54  4:52  Drone x5  
  57  5:06  Ravager x4  
  61  5:10  Zergling x12  
  67  5:41  Overlord x4  
  67  6:18  Hatchery  
  48  6:43  Roach  
  48  6:44  Roach x14  
  68  6:58  Drone  
  69  7:07  Roach x3  
  75  7:13  Queen  
  77  7:38  Drone x10  
  87  8:03  Hydralisk Den  
  86  8:13  Evolution Chamber  
  86  8:15  Evolution Chamber  
  84  8:33  Hydralisk x11  
  106  8:39  Lurker Den  
  106  8:42  Zerg Ground Armor Level 1  
  106  8:43  Zerg Missile Weapons Level 1  
  106  8:50  Overlord x8  
  106  9:25  Drone x5  
  106  9:26  Drone x5  
  116  9:35  Hydralisk x4  
  124  10:08  Hydralisk x10  
  144  10:22  Hatchery  
  144  10:25  Overseer  
  143  10:29  Overseer  
  143  10:41  Lurker x2  
  143  10:42  Lurker x10  
  155  11:33  Roach x7  
  167  12:33  Overlord  
  167  12:34  Overlord x12  
  167  12:45  Overlord  
  167  12:46  Overlord x9  
  167  13:00  Roach x4  
  167  13:01  Roach x5  
  185  13:16  Zerg Ground Armor Level 2  
  185  13:18  Zerg Missile Weapons Level 2  
  183  14:16  Hydralisk x2  
  185  14:17  Hydralisk x6  
  199  14:31  Drone  
  200  14:32  Extractor  
  200  14:33  Drone  
  200  14:34  Extractor  
  199  15:39  Muscular Augments  
  199  15:47  Infestation Pit  
  68  16:30  Hydralisk x23  
  68  16:31  Hydralisk x15  
  141  17:32  Zergling x12  
  141  17:33  Zergling x26  
  65  18:09  Hydralisk x2  
  65  18:10  Hydralisk x10  
  86  18:29  Zergling x8  
Show
View Real Time Build Order
Export as new Build Order

Skorpo Protoss - Winner!

Build Orders:  

Get SALT Encoding   

  12  0:01  Probe (Chrono Boost)  
  13  0:11  Probe (Chrono Boost)  
  14  0:22  Pylon  
  14  0:23  Probe (Chrono Boost)  
  15  0:40  Probe (Chrono Boost)  
  16  0:45  Gateway  
  16  0:51  Probe (Chrono Boost), Assimilator  
  17  1:03  Pylon  
  17  1:06  Probe (Chrono Boost)  
  18  1:17  Probe (Chrono Boost)  
  19  1:32  Cybernetics Core  
  19  1:37  Cybernetics Core  
  19  1:39  Zealot (Chrono Boost)  
  21  1:50  Probe  
  22  2:12  Nexus  
  22  2:14  Warp Gate (Chrono Boost)  
  22  2:16  Adept  
  22  2:22  Pylon  
  24  2:26  Gateway  
  24  2:30  Probe  
  25  2:40  Pylon  
  25  2:43  Stalker  
  27  2:57  Probe  
  28  2:59  Assimilator  
  28  3:10  Gateway  
  28  3:13  Pylon  
  28  3:17  Adept  
  30  3:29  Probe  
  31  3:44  Probe  
  31  3:46  Probe  
  33  3:56  Probe  
  33  3:57  Probe  
  35  4:07  Probe  
  35  4:09  Sentry x2, Probe  
  41  4:11  Adept  
  37  4:33  Probe  
  37  4:35  Probe  
  39  4:38  Adept x3  
  39  4:44  Probe  
  45  4:47  Probe  
  45  4:49  Gateway  
  47  4:53  Gateway  
  47  4:57  Forge  
  47  4:59  Probe  
  47  5:01  Probe  
  47  5:05  Twilight Council  
  49  5:10  Probe  
  49  5:12  Assimilator  
  49  5:13  Probe  
  51  5:14  Assimilator  
  51  5:15  Adept x3  
  51  5:20  Probe  
  57  5:25  Probe  
  59  5:30  Protoss Ground Weapons Level 1 (Chrono Boost)  
  59  5:39  Adept x3  
  65  5:43  Pylon  
  65  5:46  Probe  
  65  5:47  Probe, Resonating Glaives (Chrono Boost)  
  67  5:55  Pylon  
  67  6:01  Pylon  
  67  6:04  Pylon  
  67  6:05  Adept x2  
  67  6:06  Adept  
  67  6:07  Adept  
  71  6:27  Adept x5  
  59  6:56  Adept x5  
  69  7:04  Probe x2  
  71  7:16  Probe  
  71  7:20  Adept  
  71  7:21  Adept x3  
  80  7:28  Nexus  
  80  7:31  Pylon  
  80  7:32  Robotics Facility  
  80  7:33  Pylon  
  80  7:39  Templar Archives  
  80  7:42  Pylon  
  80  7:49  Probe x2  
  82  7:51  Sentry x2  
  82  7:53  Sentry  
  88  8:01  Probe x2  
  90  8:13  Probe x2, Stalker x2  
  90  8:15  Stalker x2  
  90  8:16  Stalker  
  102  8:23  Observer  
  103  8:30  Psionic Storm  
  103  8:37  Assimilator  
  103  8:39  Assimilator  
  103  8:44  Observer  
  104  8:50  Adept  
  104  8:51  Adept x4  
  114  9:01  Protoss Ground Weapons Level 2 (Chrono Boost)  
  114  9:05  Forge  
  114  9:08  Robotics Facility  
  114  9:25  Observer  
  115  9:38  Adept  
  115  9:39  Adept x3  
  123  9:47  Observer, Probe  
  123  9:48  Probe x2  
  123  9:52  Protoss Ground Armor Level 1 (Chrono Boost)  
  127  9:57  Immortal  
  131  10:00  Probe  
  132  10:08  Immortal  
  136  10:16  Stargate  
  136  10:18  Stargate  
  136  10:19  Pylon  
  136  10:21  Pylon  
  136  10:22  Probe x2  
  138  10:37  Protoss Air Weapons Level 1, Immortal  
  142  10:47  Immortal  
  142  10:48  High Templar x3  
  152  11:11  Void Ray (Chrono Boost)  
  156  11:15  Pylon  
  156  11:18  Pylon  
  156  11:33  Void Ray (Chrono Boost)  
  160  11:52  Stargate  
  160  11:53  Stargate, Void Ray (Chrono Boost)  
  164  11:58  Fleet Beacon  
  164  12:00  Pylon  
  164  12:05  Pylon  
  164  12:13  Void Ray (Chrono Boost)  
  168  12:43  Nexus  
  167  12:44  Protoss Shields Level 1, Pylon  
  167  12:46  Adept x5  
  167  12:47  Pylon  
  189  13:05  Void Ray (Chrono Boost)  
  189  13:06  Void Ray (Chrono Boost)  
  189  13:11  Void Ray (Chrono Boost)  
  189  13:12  Void Ray (Chrono Boost), Photon Cannon  
  193  13:15  Assimilator  
  193  13:17  Assimilator  
  193  13:36  Protoss Air Weapons Level 2 (Chrono Boost)  
  193  13:39  Cybernetics Core  
  193  14:09  Void Ray (Chrono Boost)  
  197  14:30  Protoss Air Armor Level 1 (Chrono Boost)  
  197  14:50  Archon  
  197  15:04  Stargate  
  197  15:06  Stargate  
  197  15:09  Stargate  
  197  15:14  Pylon  
  197  15:22  Observer  
  197  15:23  Observer  
  198  16:09  Void Ray  
  181  16:14  Void Ray  
  181  16:15  Void Ray x2  
  147  16:21  Void Ray x2  
  147  16:22  Void Ray  
  147  16:23  Protoss Shields Level 2  
  137  16:46  Protoss Air Weapons Level 3 (Chrono Boost)  
  137  16:55  High Templar  
  137  16:56  High Templar x2  
  143  17:04  Protoss Air Armor Level 2 (Chrono Boost)  
  167  17:19  Archon x2  
  167  17:21  Carrier  
  167  17:31  Carrier x3  
  167  17:35  Observer x2  
  156  17:46  Void Ray x2  
  144  18:10  Void Ray  
  148  18:14  Nexus  
  148  18:18  Pylon  
  148  18:21  Pylon  
  148  18:26  Assimilator  
  148  18:28  Assimilator  
  159  18:42  Zealot x4  
  165  19:02  Zealot  
Tags
 
Composition
Lurkers
Matchup
PvZ
Opening
Pool First
Spawn Locations
Cross Positions
Add a new tag
Caveats
  • Supply blocks, unpowered buildings, or Contaminate may cause inaccurate times.
  • Supply counts are checked every 10 seconds.